 Dungeon Crawl Stone Soup version 0.25-a0-458-g6fc7858b95 (webtiles) character file.

Game seed: 6173440848114821364, levelgen mode: deterministic

34 Conn the Shooter (level 3, -11/28 HPs)
             Began as a Centaur Arcane Marksman on Feb 2, 2020.
             Mangled by a gnoll
             ... wielding a +0 flail
              (15 damage)
             ... on level 2 of the Dungeon.
             The game lasted 00:03:42 (1222 turns).

Conn the Shooter (Centaur Arcane Marksman)          Turns: 1222, Time: 00:03:42

Health: -11/28     AC:  7    Str: 12    XL:     3   Next: 14%
Magic:  4/4        EV:  9    Int: 17    God:
Gold:   27         SH:  0    Dex: 10    Spells: 3/4 levels left

rFire    . . .     SeeInvis .   b - +0 short sword
rCold    . . .     Gourm    .   (no shield)
rNeg     . . .     Faith    .   e - +0 robe
rPois    .         Spirit   .   (no helmet)
rElec    .         Reflect  .   (no cloak)
rCorr    .         Harm     .   j - +2 pair of gloves
MR       .....                  (no barding)
Stlth    +.........             (no amulet)
HPRegen  0.09/turn              (no ring)
MPRegen  0.09/turn              (no ring)

@: brilliant, lethally poisoned (-11 -> -17), hasted, very quick
A: large, hooves 3, deformed body, speed 2, tough skin 3
a: no special abilities


You were on level 2 of the Dungeon.
You were not hungry.

You visited 1 branch of the dungeon, and saw 2 of its levels.

You collected 27 gold pieces.

Inventory:

Hand Weapons
 a - a +0 shortbow
 b - a +0 short sword (weapon)
 g - a +0 dagger
Missiles
 c - 7 poisoned darts (quivered)
 d - 20 arrows
 h - 23 sling bullets
Armour
 e - a +0 robe (worn)
 j - a +2 pair of gloves (worn)
Jewellery
 k - an uncursed ring of ice
Scrolls
 l - 2 scrolls of remove curse
Potions
 i - a potion of haste
Comestibles
 f - 2 rations


   Skills:
 - Level 1.0 Fighting
 + Level 4.9 Bows
 - Level 1.3 Dodging
 - Level 1.0 Spellcasting
 - Level 2.6 Hexes


You had 3 spell levels left.
You knew the following spells:

 Your Spells              Type           Power        Failure   Level  Hunger
a - Corona                Hex            ###....      1%          1    ##.....

Your spell library contained the following spells:

 Spells                   Type           Power        Failure   Level  Hunger
 Slow                     Hex            ###.....     1%          2    ###....
 Inner Flame              Hex/Fire       ###.....     4%          3    ####...
 Portal Projectile        Hex/Tloc       ###...       4%          3    ####...
 Cause Fear               Hex            ###.......   8%          4    #####..
 Leda's Liquefaction      Hex/Erth       ###.......   13%         4    #####..


Dungeon Overview and Level Annotations

Branches:
Dungeon (2/15)

Altars:
Kikubaaqudgha


Innate Abilities, Weirdness & Mutations

You have hooves in place of feet.
Armour fits poorly on your strangely shaped body.
You cover ground very quickly.
You have extremely tough skin. (AC +3)


Message History

* * * LOW HITPOINT WARNING * * *
You feel sick.
A gnoll opens the door.
You close the door.
* * * LOW HITPOINT WARNING * * *
You feel sick.
A gnoll opens the door.
As you close the door, it creaks loudly!
* * * LOW HITPOINT WARNING * * *
You feel sick.
A gnoll opens the door.
You close the door.
A gnoll opens the door.
You close the door.
* * * LOW HITPOINT WARNING * * *
You feel sick.
A gnoll opens the door.
As you read the scroll labeled WOXKAWNA ANAR, it crumbles to dust.
It is a scroll of enchant armour.
Your +1 pair of gloves glows green for a moment.
* * * LOW HITPOINT WARNING * * *
You feel sick.
You feel yourself speed up. The gnoll hits you with a +0 flail!
Ouch! That really hurt!
You die...

. .. ######... ###########
#........ #.........#
#........
#####........@#####g.......
#...'......(..gbgg†(..(....
#.###.........#####........
#.# #.........# .....#...
#.# #.........# ......# .
#.# #...[.....# .......#
#.# #.........##.s.....#
#.# ############.......+
#.# #.......#


You could see 3 gnolls and a bat.

Vanquished Creatures
  An ooze (D:1)
  An adder zombie (D:2)
  2 dart slugs
  A ball python (D:1)
  3 bats (D:1)
  A giant cockroach (D:2)
  3 goblins
  2 hobgoblins (D:1)
  2 frilled lizards (D:1)
  3 kobolds (D:1)
  4 rats (D:1)
23 creatures vanquished.

Notes
Turn   | Place    | Note
-------+----------+-------------------------------------------
     0 | D:1      | Conn the Centaur Arcane Marksman began the quest for the
                  | Orb.
     0 | D:1      | Reached XP level 1. HP: 16/16 MP: 2/2
     8 | D:1      | Reached skill level 3 in Bows
   294 | D:1      | Reached XP level 2. HP: 23/23 MP: 3/3
   502 | D:1      | Reached skill level 4 in Bows
  1002 | D:1      | Found an ancient bone altar of Kikubaaqudgha.
  1053 | D:2      | Reached XP level 3. HP: 22/28 MP: 4/4
  1222 | D:2      | Mangled by a gnoll

Levels and vault maps discovered:
D:1:      dpeg_arrival_water_altar, layout_loops_ring, dk_noncrumbling_2,
          minmay_misc_feat_diagonals, roderic_serpentine_path
D:2:      layout_basic, marbit_many_paths, first_ration, uniq_jessica,
          uniq_sigmund

Skill      XL: |  1  2 |
---------------+-------+-----
Bows           | 3 4 |  4.9
Fighting       | |  1.0
Dodging        | |  1.3
Spellcasting   | |  1.0
Hexes          | |  2.6

Action                   || total
-------------------------++-------
Melee: Dagger            ||    34
       Kick              ||    12
       Short sword       ||    63
 Fire: Shortbow          ||    12
Throw: Dart              ||     4
  Use: Scroll            ||     6
       Potion            ||     2
Armor: Robe              ||    59
Dodge: Dodged            ||    52

Table legend:
 A = Non-vault XP
 B = Vault XP
 C = Vault XP percentage of total XP
 D = Non-vault monster count
 E = Vault monster count
 F = Vault count percentage of total count
                 A         B        C        D         E       F
            +---------+---------+-------+---------+---------+-------
      Total |      49 |       0 |   0.0 |      23 |       0 |   0.0
            +---------+---------+-------+---------+---------+-------
        D:1 |      36 |       0 |   0.0 |      19 |       0 |   0.0
        D:2 |      13 |       0 |   0.0 |       4 |       0 |   0.0
            +---------+---------+-------+---------+---------+-------
